 Dungeon Crawl Stone Soup version 0.27.0-1-g7a089689b8 (webtiles) character file.

Game seed: 10941173637204187197

9 SnakkuSnakku7 the Skirmisher (level 2, 0/32 HPs)
             Began as an Ogre Delver on Aug 6, 2021.
             Slain by a centaur (3 damage)
             ... on level 6 of the Dungeon.
             The game lasted 00:00:21 (195 turns).

SnakkuSnakku7 the Skirmisher (Ogre Delver)           Turns: 195, Time: 00:00:22

Health: 0/32       AC:  3    Str: 15    XL:     2   Next: 12%
Magic:  2/2        EV:  9    Int: 11    God:
Gold:   27         SH:  0    Dex: 10    Spells: 1/1 levels left

rFire    . . .     SeeInvis .   a - +0 mace
rCold    . . .     Faith    .   (no shield)
rNeg     . . .     Spirit   .   b - +0 robe
rPois    .         Reflect  .   (helmet restricted)
rElec    .         Harm     .   (no cloak)
rCorr    .         Rampage  .   (gloves unavailable)
Will     .....                  (boots unavailable)
Stlth    ++........             (no amulet)
HPRegen  0.10/turn              (no ring)
MPRegen  0.08/turn              (no ring)

@: no status effects
A: large, unfitting armour, tough skin 1
a: no special abilities


You were on level 6 of the Dungeon.
You visited 1 branch of the dungeon, and saw 2 of its levels.

You collected 27 gold pieces.

Inventory:

Hand Weapons
 a - a +0 mace (weapon)
Armour
 b - a +0 robe (worn)
Wands
 g - a wand of digging (3)
Scrolls
 c - a scroll of fog
 d - 2 scrolls of magic mapping
 e - a scroll of fear
Potions
 f - a potion of haste


   Skills:
 - Level 4.0 Fighting
 + Level 2.5 Maces & Flails
 - Level 1.7 Dodging
 - Level 3.7 Stealth


You had one spell level left.
You didn't know any spells.
Your spell library was empty.

Dungeon Overview and Level Annotations

Branches:
Dungeon (6/15)
 Temple: D:4-7

Altars:

Annotations:
D:5 Blork the orc


Innate Abilities, Weirdness & Mutations

You are too large for most types of armour.
You have tough skin. (AC +1)


Message History

You are no longer poisoned.
You start resting.
HP restored.
Blork the orc comes into view.
He is wielding a +0 battleaxe.
You see here a scroll of magic mapping.
d - 2 scrolls of magic mapping (gained 1)
There is an open door here.
You see here a +0 ring mail.
Blork the orc casts a spell.
Blork the orc seems to speed up.
There is a stone staircase leading down here.
You climb downwards.
There is a stone staircase leading up here.
Unknown command.
Found 14 gold pieces.
You now have 27 gold pieces (gained 14).
A centaur comes into view.
The centaur shouts!
The centaur wields a +0 shortbow.
The centaur shoots an arrow.
The arrow barely misses you.
Okay, then.
The centaur shoots an arrow.
The arrow hits you!
The centaur shoots an arrow.
The arrow closely misses you.
The centaur unwields a +0 shortbow.
The centaur closely misses you.
The centaur kicks you but does no damage.
You barely miss the centaur. The centaur hits you.
The centaur kicks you but does no damage.
The centaur barely misses you. The centaur kicks you.
You hit the centaur but do no damage. The centaur hits you.
The centaur kicks you but does no damage.
The centaur hits you.
* * * LOW HITPOINT WARNING * * *
The centaur kicks you but does no damage.
You barely miss the centaur. The centaur hits you.
* * * LOW HITPOINT WARNING * * *
The centaur kicks you.
* * * LOW HITPOINT WARNING * * *
The centaur hits you but does no damage.
The centaur kicks you.
You die...

##########
#........#
#.######.#
#.#...<#.#
#.#.####.#
#.#......# #
#.########.#
#.......@c.#
############


You could see a centaur.

Vanquished Creatures
  An adder (D:5)
1 creature vanquished.

Notes
Turn   | Place    | Note
-------+----------+-------------------------------------------
     0 | D:5      | SnakkuSnakku7 the Ogre Delver began the quest for the Orb.
     0 | D:5      | Reached XP level 1. HP: 24/24 MP: 1/1
    23 | D:5      | Reached XP level 2. HP: 21/32 MP: 2/2
   141 | D:5      | Noticed Blork the orc
   187 | D:6      | Noticed a centaur
   195 | D:6      | Slain by a centaur

Illustrated notes

Levels and vault maps discovered:
D:5:      layout_basic, minmay_temple_entry_statues_pillars, chequers_avenue,
          nicolae_elemental_shop, nicolae_shop_clearance, uniq_blork_the_orc,
          uniq_eustachio, uniq_duvessa
D:6:      nicolae_whirlpool, layout_basic

Skill      XL: |  1 |
---------------+----+-----
Maces & Flails | 2 |  2.5
Fighting       | |  4.0
Dodging        | |  1.7
Stealth        | |  3.7

Action                   || total
-------------------------++-------
Melee: Mace              ||     6
Armor: Robe              ||     6
Dodge: Dodged            ||     4
